Map: Ice and Chrome LE

Players

MarineLorD

  • Race: Terran Terran
  • League: Master
  • Spawn Location: 1:00

LiquidMaNa (MaNa) - Winner!

  • Race: Protoss Protoss
  • League: Grandmaster
  • Spawn Location: 7:00

Event: DreamHack SC2 Masters 2020 Fall

VOD

Have the link to the VOD?

Description

Time

  • Played on: Sept. 10, 2020, 11:36 a.m.
  • Length: 3:42

All games in this series

Show
View Real Time Build Order
Export as new Build Order

MarineLorD Terran 

Build Orders:  

Get SALT Encoding   

  12  0:00  SCV  
  13  0:12  SCV  
  14  0:17  Supply Depot  
  14  0:24  SCV  
  15  0:39  Barracks  
  15  0:46  Barracks  
  15  1:00  Barracks  
  15  1:04  SCV  
  16  1:14  Supply Depot  
  16  1:17  SCV  
  17  1:28  Marine  
  17  1:32  Orbital Command  
  18  1:36  Marine  
  19  1:46  Marine  
  20  1:47  Marine  
  20  1:54  Marine  
  21  1:57  SCV  
  23  2:04  Marine  
  23  2:05  Marine  
  25  2:09  SCV  
  25  2:12  Supply Depot, Marine  
  27  2:22  Marine  
  28  2:23  SCV, Marine  
  28  2:29  Marine  
  30  2:35  SCV  
  32  2:39  Marine  
  32  2:41  Supply Depot, Marine  
  34  2:47  SCV, Marine  
  36  2:57  Marine  
  37  2:59  SCV, Marine  
  37  3:05  Marine  
  40  3:11  SCV  
  41  3:15  Marine  
  41  3:16  Marine  
  40  3:23  SCV, Marine  
Show
View Real Time Build Order
Export as new Build Order

LiquidMaNa Protoss - Winner!

Build Orders: 1 Gate Expand 

Get SALT Encoding   

  12  0:00  Probe  
  13  0:12  Probe  
  14  0:16  Pylon  
  14  0:24  Probe (Chrono Boost)  
  15  0:36  Gateway, Probe (Chrono Boost)  
  16  0:44  Probe (Chrono Boost)  
  16  0:46  Assimilator  
  17  0:51  Probe  
  18  1:03  Probe  
  19  1:15  Probe  
  20  1:24  Nexus  
  20  1:33  Cybernetics Core  
  20  1:36  Probe  
  21  1:42  Assimilator  
  21  1:52  Probe  
  21  1:53  Pylon  
  22  2:04  Probe  
  22  2:07  Warp Gate (Chrono Boost)  
  23  2:09  Adept (Chrono Boost)  
  25  2:17  Probe  
  27  2:31  Stalker (Chrono Boost)  
  27  2:35  Gateway  
  28  2:37  Shield Battery  
  28  2:41  Shield Battery  
  28  2:49  Shield Battery  
  28  2:59  Stalker (Chrono Boost)  
  30  3:12  Pylon  
  27  3:27  Probe x2  

Tags
 
Add a new tag
Caveats
  • Supply blocks, unpowered buildings, or Contaminate may cause inaccurate times.
  • Supply counts are checked every 10 seconds.